 Dungeon Crawl Stone Soup version 0.29-a0-1014-ga8c0faee3b (webtiles) character file.

Game seed: 710893933682437577

158 BritishOli the Trooper (level 5, -1/42 HPs)
             Began as a Demonspawn Fighter on Aug 9, 2022.
             Slain by Crazy Yiuf
             ... wielding a +4 quarterstaff of chaos
              (12 damage)
             ... on level 3 of the Dungeon.
             The game lasted 00:02:54 (3158 turns).

BritishOli the Trooper (Demonspawn Fighter)         Turns: 3158, Time: 00:02:55

Health: -1/42      AC:  8    Str: 19    XL:     5   Next: 16%
Magic:  5/5        EV:  9    Int:  9    God:
Gold:   192        SH:  4    Dex: 12    Spells: 4/4 levels left

rFire   . . .      SeeInvis .   a - +0 long sword
rCold   . . .      Faith    .   c - +0 buckler
rNeg    . . .      Spirit   .   b - +0 scale mail
rPois   +          Reflect  .   (no helmet)
rElec   .          Harm     .   (no cloak)
rCorr   .          Rampage  .   (no gloves)
Will    .....                   (no boots)
Stlth   ..........              (no amulet)
HPRegen 0.14/turn               j - ring of flight
MPRegen 0.09/turn               r - ring of poison resistance

@: flying
A: hooves 1, icy blue scales 1
a: no special abilities


You were on level 3 of the Dungeon.
You visited 1 branch of the dungeon, and saw 3 of its levels.

You collected 192 gold pieces.

Inventory:

Hand Weapons
 a - a +0 long sword (weapon)
Armour
 b - a +0 scale mail (worn)
 c - a +0 buckler (worn)
Jewellery
 j - a ring of flight (left hand)
 r - a ring of poison resistance (right hand)
Scrolls
 f - 4 scrolls of teleportation {unknown}
 g - 4 scrolls of identify {unknown}
 h - 2 scrolls of noise {unknown}
 k - a scroll of brand weapon {unknown}
 n - a scroll of torment {unknown}
 o - a scroll of fog {unknown}
 p - a scroll of fear {unknown}
 q - a scroll of vulnerability {unknown}
Potions
 d - 2 potions of might
 e - 3 potions of magic {unknown}
 i - 4 potions of curing
 l - a potion of lignification {unknown}
 m - a potion of flight {unknown}


   Skills:
 + Level 3.8 Fighting
 + Level 2.8 Long Blades
 + Level 3.5 Armour
 + Level 3.5 Shields


You had 4 spell levels left.
You didn't know any spells.
Your spell library contained the following spells:

 Spells                   Type           Power      Damage    Failure   Level
 Beastly Appendage        Tmut           0%         N/A       83%         1
 Wereblood                Tmut           0%         N/A       93%         2
 Confusing Touch          Hex            0%         N/A       99%         3
 Spider Form              Tmut/Pois      0%         N/A       99%         3
 Yara's Violent Unravell  Hex/Tmut       0%         3d3       100%        5
 Enfeeble                 Hex            0%         N/A       100%        7


Dungeon Overview and Level Annotations

Branches:
Dungeon (3/15)

Altars:

Shops:
D:1 [

Annotations:
D:3 Crazy Yiuf


Innate Abilities, Weirdness & Mutations

You have large cloven feet.
You are partially covered in icy blue scales. (AC +2)


Message History

There is a stone staircase leading up here.
Things that are here:
a +0 dagger; 8 poisoned darts; a +0 dagger
There is an open door here.
There is an open door here.
There is an open door here.
There is an open door here.
Key pressed, stopping explore.
No target in view!
Crazy Yiuf shouts!
Crazy Yiuf whimpers, "Rifle return to song sing-song!"
No reachable target in view!
Could not explore, unopened runed door.
Could not explore, unopened runed door.
No reachable target in view!
Could not explore, unopened runed door.
No reachable target in view!
Could not explore, unopened runed door.
No reachable target in view!
Could not explore, unopened runed door.
You reach down and open the door.
You slash Crazy Yiuf! You kick Crazy Yiuf, but do no damage.
Crazy Yiuf is moderately wounded.
You block Crazy Yiuf's attack. Crazy Yiuf closely misses you.
You closely miss Crazy Yiuf.
Crazy Yiuf is moderately wounded.
Crazy Yiuf hits you with a +4 quarterstaff of chaos!
Space warps around you.
You barely miss Crazy Yiuf. Your kick misses Crazy Yiuf.
Crazy Yiuf is moderately wounded.
You block Crazy Yiuf's attack.
You hit Crazy Yiuf but do no damage. Your kick misses Crazy Yiuf.
Crazy Yiuf is moderately wounded.
Crazy Yiuf hits you with a +4 quarterstaff of chaos!
You convulse!
* * * LOW HITPOINT WARNING * * *
You hit Crazy Yiuf but do no damage. You kick Crazy Yiuf.
Crazy Yiuf is heavily wounded.
Crazy Yiuf hits you with a +4 quarterstaff of chaos!
You die...

#...<.....
#.........
###......... #####
#)....[..... #..)#
#........... #...#
#...####.>.# ...
#...# #...# #g#
#...# #...# ♣♣@♣
#...####...# ♣.♣♣
#...#....... ♣♣.♣
#...#....... ♣.♣♣
#####....... ♣♣.♣♣
#....... ♣...♣♣
#..).... ♣....♣
#####....... ##..##
#...........
#....####.##########


You could see Crazy Yiuf.

Vanquished Creatures
  Terence (D:3)
  5 adders (D:2)
  A worm (D:2)
  A dart slug (D:2)
  An orc (D:3)
  7 bats
  12 endoplasms
  A giant cockroach (D:1)
  9 goblins
  13 hobgoblins
  2 quokkas
  5 ball pythons
  6 frilled lizards
  6 kobolds
  9 rats
79 creatures vanquished.

Notes
Turn   | Place    | Note
-------+----------+-------------------------------------------
     0 | D:1      | BritishOli the Demonspawn Fighter began the quest for the
                  | Orb.
     0 | D:1      | Reached XP level 1. HP: 18/18 MP: 1/1
    41 | D:1      | Found Ocoyfu Yfio's Antique Armour Shoppe.
    81 | D:1      | Gained mutation: You have large cloven feet. [demonic
                  | ancestry]
    81 | D:1      | Reached XP level 2. HP: 13/24 MP: 2/2
   899 | D:1      | Reached XP level 3. HP: 25/29 MP: 3/3
  1383 | D:2      | Found a faded altar of an unknown god.
  1430 | D:2      | Gained mutation: You are partially covered in icy blue
                  | scales. (AC +2) [demonic ancestry]
  1430 | D:2      | Reached XP level 4. HP: 35/35 MP: 4/4
  2166 | D:3      | Noticed Terence
  2189 | D:3      | Killed Terence
  2192 | D:3      | Reached XP level 5. HP: 20/42 MP: 5/5
  2955 | D:3      | Found a runed translucent door.
  2956 | D:3      | Noticed Crazy Yiuf
  3158 | D:3      | Slain by Crazy Yiuf

Illustrated notes

Levels and vault maps discovered:
D:1:      dpeg_arrival_arbitrary_b, layout_basic, serial_shops, shop
D:2:      layout_loops_ring, chequers_ecumenical_altar_island, minmay_distorted
D:3:      layout_basic, nicolae_hexahallways, uniq_terence,
          uniq_crazy_yiuf_cottage

Skill      XL: |  1  2 |
---------------+-------+-----
Long Blades    | 2 |  2.8
Shields        | 3 |  3.5
Armour         | 3 |  3.5
Fighting       | |  3.8

Action                   |  1- 3 |  4- 6 || total
-------------------------+-------+-------++-------
Melee: Long sword        |    96 |   114 ||   210
       Kick              |    16 |    30 ||    46
  Use: Potion            |     3 |       ||     3
Armor: Scale mail        |    56 |    48 ||   104
Dodge: Dodged            |    50 |    51 ||   101
Block: Buckler           |    23 |    17 ||    40

Table legend: (Time is in decaauts)
 A = Elapsed time spent in this place.
 B = Non-inter-level travel time spent in this place.
 C = Inter-level travel time spent in this place.
 D = Time resting spent in this place.
 E = Time spent auto-exploring this place.
 F = Levels seen in this place.
 G = Mean time per level.
                   A        B        C        D        E       F      G
               +--------+--------+--------+--------+--------+-----+--------+
         Total |   3222 |   3171 |     51 |    136 |   2514 |   3 | 1074.0 |
       Dungeon |   3222 |   3171 |     51 |    136 |   2514 |   3 | 1074.0 |
               +--------+--------+--------+--------+--------+-----+--------+

Top non-repeatable levels by time:
     D:2: 1145 daAuts
     D:1: 1040 daAuts
     D:3: 1035 daAuts
